 Dungeon Crawl Stone Soup version 0.29-a0-322-g68df515 (webtiles) character file.

Game seed: 12979467871351969752

44 Toastz the Insei (level 3, 0/24 HPs)
             Began as an Octopode Transmuter on Apr 5, 2022.
             Slain by a kobold
             ... wielding a +0 dagger
              (1 damage)
             ... on level 2 of the Dungeon.
             The game lasted 00:02:43 (1532 turns).

Toastz the Insei (Octopode Transmuter)              Turns: 1532, Time: 00:02:43

Health: 0/24       AC:  1    Str:  9    XL:     3   Next: 60%
Magic:  6/6        EV: 13    Int: 15    God:
Gold:   36         SH:  0    Dex: 14    Spells: 3/6 levels left

rFire   . . .      SeeInvis .     - Unarmed
rCold   . . .      Faith    .   (no shield)
rNeg    . . .      Spirit   .   (helmet restricted)
rPois   .          Reflect  .   (no amulet)
rElec   .          Harm     .   (no ring)
rCorr   .          Rampage  .   (no ring)
Will    .....                   (no ring)
Stlth   ++........              (no ring)
HPRegen 0.08/turn               (no ring)
MPRegen 0.10/turn               (no ring)
                                (no ring)
                                (no ring)

@: no status effects
A: almost no armour, amphibious, 8 rings, camouflage 1, gelatinous body 1,
(nimble swimmer 1), tentacles
a: no special abilities


You were on level 2 of the Dungeon.
You visited 1 branch of the dungeon, and saw 2 of its levels.

You collected 36 gold pieces.

Inventory:

Missiles
 b - 40 stones
Scrolls
 c - a scroll of identify {unknown}
 d - a scroll of fog {unknown}
 e - 2 scrolls of teleportation
Potions
 a - a potion of lignification


   Skills:
 + Level 2.0 Fighting
 - Level 2.0 Dodging
 * Level 4.1 Unarmed Combat
 - Level 2.0 Spellcasting
 - Level 2.0 Transmutations


You had 3 spell levels left.
You knew the following spells:

 Your Spells              Type           Power      Damage    Failure   Level
a - Beastly Appendage     Tmut           14%        N/A       10%         1
b - Wereblood             Tmut           7%         N/A       14%         2

Your spell library contained the following spells:

 Spells                   Type           Power      Damage    Failure   Level
 Spider Form              Tmut/Pois      4%         N/A       41%         3
 Ice Form                 Ice/Tmut       4%         N/A       82%         4


Dungeon Overview and Level Annotations

Branches:
Dungeon (2/15)

Altars:


Innate Abilities, Weirdness & Mutations

You cannot wear most types of armour.
You are amphibious.
You can wear up to eight rings at the same time.
Your skin changes colour to match your surroundings (Stealth+).
Your rubbery body absorbs attacks. (AC +1, EV +1)
((You are camouflaged when in or above water. (Stealth+)))
You have tentacles for arms and can constrict up to eight enemies at once.


Message History

You tentacle-slap the giant cockroach. You grab the giant cockroach.
You pierce the giant cockroach, but do no damage.
The giant cockroach is severely wounded.
You constrict the giant cockroach. The giant cockroach bites you.
You tentacle-slap the giant cockroach.
You kill the giant cockroach!
No target in view!
Your transformation is almost over.
Your tentacle spike disappears.
You see here a giant cockroach corpse.
A worm comes into view.
A kobold comes into view. It is wielding a +0 dagger.
Casting: Beastly Appendage (safe; 10% risk of failure)
Confirm with . or Enter, or press ? or * to list all spells.
One of your tentacles grows a vicious spike.
You tentacle-slap the worm but do no damage.
You grab the worm.
You pierce the worm.
You squeeze the worm, but do no damage.
The worm is lightly wounded.
You constrict the worm, but do no damage.
The worm bites you!
You tentacle-slap the worm.
The worm is moderately wounded.
You constrict the worm. You tentacle-slap the worm.
You pierce the worm.
You squeeze the worm, but do no damage.
The worm is almost dead.
Your transformation is almost over.
You constrict the worm, but do no damage.
The kobold hits you with a +0 dagger. The worm bites you!
* * * LOW HITPOINT WARNING * * *
You are too injured to fight recklessly!
You are too injured to fight recklessly!
You release your grip on the worm.
The kobold barely misses you. The kobold attacks as you move away!
The kobold hits you but does no damage. The kobold attacks as you move away!
The kobold hits you with a +0 dagger.
* * * LOW HITPOINT WARNING * * *
Your tentacle spike disappears.
The kobold attacks as you move away! The kobold hits you with a +0 dagger.
You die...

#.........##........######.
##.......###.##.###†#
##.....## #.#### ....
##...## #.####.#.##.# ##'##
#.##.....# # #. #.##.# #.#
#.######.##.#.#.##.
##......#.##.#......
##...###@#..†.....#
#......#K####.#####
#....#..# #.#
##.w###.####.#
.###.#.#w......#
#..........######
############


You could see a worm and a kobold.

Vanquished Creatures
  An adder (D:2)
  A dart slug (D:1)
  3 ball pythons (D:1)
  A bat (D:1)
  4 endoplasms (D:1)
  3 giant cockroaches
  2 goblins (D:1)
  5 hobgoblins
  2 kobolds (D:1)
  2 quokkas (D:1)
  3 rats (D:1)
27 creatures vanquished.

Vanquished Creatures (others)
  2 plants (D:1)
2 creatures vanquished.

Grand Total: 29 creatures vanquished

Notes
Turn   | Place    | Note
-------+----------+-------------------------------------------
     0 | D:1      | Toastz the Octopode Transmuter began the quest for the Orb.
     0 | D:1      | Reached XP level 1. HP: 13/13 MP: 3/3
   274 | D:1      | Reached XP level 2. HP: 18/18 MP: 3/5
   676 | D:1      | Learned a level 2 spell: Wereblood
   728 | D:1      | Reached XP level 3. HP: 24/24 MP: 4/6
  1403 | D:2      | Reached skill level 4 in Unarmed Combat
  1531 | D:2      | HP: 1/24 [kobold/+0 dagger (2)]
  1532 | D:2      | Slain by a kobold

Illustrated notes

Levels and vault maps discovered:
D:1:      scummos_arrival_hexagon, layout_loops_ring, serial_forest,
          infiniplex_forest_straight_3, infiniplex_forest_clump_C,
          infiniplex_forest_end_2, infiniplex_forest_end_2,
          infiniplex_forest_clump_double, infiniplex_forest_corner_2,
          infiniplex_forest_clump_cross, infiniplex_forest_straight_4,
          infiniplex_forest_clump_long
D:2:      layout_loops_corners, feat_on_display, uniq_natasha

Skill      XL: |  1  2  3 |
---------------+----------+-----
Fighting       | 2 |  2.0
Unarmed Combat | 4 |  4.1
Dodging        | |  2.0
Spellcasting   | |  2.0
Transmutations | |  2.0

Action                   || total
-------------------------++-------
Melee: Unarmed           ||   121
       Constrict         ||    17
       Tentacles         ||    37
       Kick              ||    26
       Punch             ||     6
 Cast: Beastly Appendage ||    20
  Use: Scroll            ||     1
 Stab: Sleeping          ||     7
Armor: Skin              ||     5
Dodge: Dodged            ||    21

Table legend: (Time is in decaauts)
 A = Elapsed time spent in this place.
 B = Non-inter-level travel time spent in this place.
 C = Inter-level travel time spent in this place.
 D = Time resting spent in this place.
 E = Time spent auto-exploring this place.
 F = Levels seen in this place.
 G = Mean time per level.
                   A        B        C        D        E       F      G
               +--------+--------+--------+--------+--------+-----+--------+
         Total |   1523 |   1410 |    113 |    273 |    876 |   2 |  761.5 |
       Dungeon |   1523 |   1410 |    113 |    273 |    876 |   2 |  761.5 |
               +--------+--------+--------+--------+--------+-----+--------+

Top non-repeatable levels by time:
     D:1: 1335 daAuts
     D:2: 188 daAuts
